Map: 10000 Feet LE

Players

VITRyung (Ryung)

  • Race: Terran Terran
  • League: Grandmaster
  • Spawn Location: 11:00

SZsOs (sOs) - Winner!

  • Race: Protoss Protoss
  • Spawn Location: 5:00

VOD

Have the link to the VOD?

Description

Time

  • Played on: Jan. 30, 2026, 2:57 p.m.
  • Length: 7:34
Show
View Real Time Build Order
Export as new Build Order

VITRyung Terran 

Build Orders:  

Get SALT Encoding   

  12  0:00  SCV  
  13  0:12  SCV  
  14  0:17  Supply Depot  
  14  0:24  SCV  
  15  0:39  SCV  
  15  0:40  Barracks  
  15  0:42  Refinery  
  16  0:51  SCV  
  17  1:03  SCV  
  18  1:15  SCV  
  19  1:27  Marine, Orbital Command  
  20  1:37  Command Center  
  20  1:45  Barracks Reactor  
  20  1:54  SCV  
  20  1:56  Supply Depot  
  21  2:06  SCV  
  22  2:18  SCV  
  22  2:21  Marine x2  
  25  2:24  Command Center  
  25  2:30  SCV  
  25  2:34  Barracks  
  26  2:39  Marine  
  26  2:40  Marine  
  26  2:42  SCV  
  29  2:50  Orbital Command  
  29  2:55  SCV  
  30  3:01  Barracks  
  30  3:02  Marine  
  31  3:07  SCV  
  31  3:11  Marine  
  33  3:16  SCV  
  33  3:19  SCV  
  35  3:22  Barracks Tech Lab  
  35  3:23  Marine  
  36  3:29  Marine  
  36  3:34  SCV x2  
  39  3:36  Refinery  
  39  3:41  Marine, Stimpack, Orbital Command  
  40  3:46  SCV x2  
  42  3:50  Barracks Tech Lab, Marine  
  42  3:51  Marine  
  44  3:56  Supply Depot  
  44  3:58  Marine  
  44  3:59  SCV x2  
  47  4:09  SCV, Combat Shield  
  48  4:11  Marauder x2  
  48  4:12  Marine  
  48  4:16  Marine  
  52  4:18  Bunker  
  52  4:22  SCV  
  52  4:23  SCV x2  
  46  4:32  Marauder x2  
  46  4:35  SCV x2  
  46  4:36  SCV  
  46  4:47  Marine x2  
  46  4:48  SCV  
  46  4:49  SCV x2  
  51  4:56  Marauder x2  
  54  5:01  SCV x2  
  54  5:03  Factory  
  56  5:09  Marine x2  
  56  5:12  SCV  
  56  5:13  SCV x2  
  61  5:19  Engineering Bay  
  61  5:20  Marauder, Supply Depot  
  63  5:24  Marauder  
  65  5:30  SCV x3  
  65  5:33  Marine  
  65  5:34  Concussive Shells  
  69  5:37  Supply Depot  
  69  5:42  Marine  
  70  5:45  Refinery  
  70  5:46  Marauder x2  
  70  5:48  Starport, Factory Reactor  
  74  5:51  SCV x2  
  76  5:58  Marine  
  76  6:01  Orbital Command  
  76  6:03  SCV x2  
  79  6:09  Refinery  
  78  6:12  Supply Depot  
  78  6:15  SCV x2  
  80  6:19  Supply Depot  
  80  6:20  Supply Depot  
  80  6:21  Barracks  
  80  6:22  Marine, Barracks  
  80  6:23  Marauder  
  83  6:27  SCV x2  
  85  6:34  Medivac x2, Barracks Tech Lab  
  85  6:36  SCV  
  85  6:38  Siege Tank  
  93  6:40  SCV x2  
  93  6:47  Missile Turret  
  95  6:48  SCV  
  95  6:53  SCV x2  
  97  6:54  Marine  
  97  6:55  Marine  
  97  6:59  Marauder x2  
  100  7:05  SCV x2  
  98  7:12  Marine x2  
Show
View Real Time Build Order
Export as new Build Order

SZsOs Protoss - Winner!

Build Orders: 1 Gate Expand 

Get SALT Encoding   

  12  0:00  Probe  
  13  0:12  Probe  
  14  0:16  Pylon  
  14  0:24  Probe  
  15  0:36  Probe  
  15  0:37  Gateway  
  15  0:42  Assimilator  
  16  0:48  Probe  
  17  1:00  Probe  
  18  1:15  Nexus  
  18  1:24  Cybernetics Core  
  18  1:26  Probe  
  18  1:32  Assimilator  
  19  1:38  Probe  
  20  1:43  Pylon  
  20  1:50  Adept, Warp Gate  
  20  1:51  Probe  
  23  2:03  Probe  
  24  2:15  Probe  
  25  2:17  Stalker  
  27  2:22  Probe  
  27  2:27  Probe  
  29  2:30  Probe  
  30  2:39  Probe  
  30  2:41  Probe  
  32  2:51  Gateway  
  32  2:52  Sentry  
  32  2:53  Probe  
  32  2:54  Probe, Gateway  
  36  3:00  Pylon  
  36  3:05  Probe  
  36  3:06  Probe  
  38  3:18  Probe x2  
  40  3:30  Probe x2  
  42  3:44  Stalker  
  42  3:47  Nexus  
  44  3:48  Stalker x2  
  44  3:51  Probe x2  
  44  3:53  Pylon  
  50  4:03  Twilight Council, Probe  
  50  4:04  Probe  
  50  4:09  Sentry  
  54  4:14  Assimilator  
  54  4:26  Probe x2  
  54  4:28  Charge  
  56  4:37  Stalker x2  
  56  4:38  Stalker  
  62  4:48  Pylon  
  62  4:54  Probe x2  
  62  5:01  Probe  
  62  5:02  Probe x2  
  62  5:04  Gateway  
  62  5:06  Gateway  
  62  5:07  Gateway, Forge  
  65  5:09  Probe, Gateway  
  65  5:10  Probe  
  65  5:12  Probe  
  65  5:13  Sentry  
  65  5:14  Zealot  
  71  5:15  Gateway  
  71  5:17  Protoss Ground Armor Level 1  
  71  5:19  Probe  
  72  5:25  Gateway  
  72  5:27  Phoenix  
  73  5:32  Probe x2  
  73  5:34  Sentry x2  
  79  5:36  Zealot  
  81  5:45  Gateway  
  81  5:46  Shield Battery  
  81  5:47  Probe x2, Pylon  
  81  5:48  Probe  
  84  6:00  Pylon  
  84  6:08  Zealot x4  
  92  6:12  Pylon  
  92  6:23  Zealot x4  
  100  6:33  Pylon  
  100  6:34  Pylon, Nexus  
  100  6:37  Zealot x4  
  96  7:02  Zealot x10  
  116  7:08  Probe  
  116  7:09  Probe x2  
  116  7:11  Templar Archives  
  107  7:25  Zealot x8  
Tags
 
Add a new tag
Caveats
  • Supply blocks, unpowered buildings, or Contaminate may cause inaccurate times.
  • Supply counts are checked every 10 seconds.